 Dungeon Crawl Stone Soup version 0.22.1-1-ga44c0e5 (webtiles) character file.

15228 aMcNicky the Cleaver (level 12, -12/108 HPs)
             Began as a Hill Orc Monk on Oct 5, 2018.
             Was a Priest of Yredelemnul.
             Mangled by an orc warrior
             ... wielding a +0 glaive of protection
              (13 damage)
             ... while paralysed by an orc sorcerer
             ... on level 2 of the Orcish Mines.
             The game lasted 00:59:19 (14515 turns).

aMcNicky the Cleaver (Hill Orc Monk)               Turns: 14515, Time: 00:59:20

Health: -12/108    AC: 13    Str: 26    XL:     12   Next: 24%
Magic:  21/21      EV:  2    Int: 10    God:    Yredelemnul [***...]
Gold:   452        SH:  0    Dex: 13    Spells: 11/11 levels left

rFire    . . .     SeeInvis +   a - +4 war axe (elec)
rCold    + . .     Gourm    .   P - +3 shield {rC+}
rNeg     . . .     Faith    .   I - +5 ring mail "Volugin" {rPois}
rPois    +         Spirit   .   (no helmet)
rElec    .         Reflect  .   (no cloak)
rCorr    +         Harm     .   T - +0 pair of gloves of the Ninety-Nine Orbs {Str+7 Slay+2 SInv}
MR       .....                  (no boots)
Stlth    +.........             F - amulet of regeneration
HPRegen  0.68/turn              m - ring of resist corrosion
MPRegen  0.17/turn              r - +5 ring of evasion

@: paralysed, studying Crossbows
A: no striking features
a: Recall Undead Slaves, Injury Mirror, Animate Dead, Renounce Religion


You were on level 2 of the Orcish Mines.
You worshipped Yredelemnul.
Yredelemnul was most pleased with you.
You were hungry.

You visited 3 branches of the dungeon, and saw 14 of its levels.
You also visited: Labyrinth and Bailey.

You collected 1091 gold pieces.
You spent 639 gold pieces at shops.

Inventory:

Hand Weapons
 a - a +4 war axe of electrocution (weapon)
 b - a +5 war axe of freezing
Missiles
 p - 233 stones
 S - 21 javelins of penetration (quivered)
Armour
 u - a +0 large shield
 I - the +5 ring mail "Volugin" (worn) {rPois}
   (You found it on level 9 of the Dungeon)

   It protects you from poison.
 P - a +3 shield of cold resistance (worn)
 T - the +0 pair of gloves of the Ninety-Nine Orbs (worn) {Str+7 Slay+2 SInv}
   (You bought it in a shop on level 10 of the Dungeon)

   It affects your strength (+7).
   It affects your accuracy and damage with ranged weapons and melee attacks
   (+2).
   It lets you see invisible.
 X - a +0 chain mail of fire resistance
Jewellery
 f - an uncursed amulet of magic regeneration
 m - a ring of resist corrosion (left hand)
 r - a +5 ring of evasion (right hand)
 A - a +4 ring of intelligence
 C - an uncursed ring of ice
 F - an amulet of regeneration (around neck)
 M - an uncursed ring of positive energy
 W - an uncursed ring of protection from cold
Wands
 s - a wand of acid (5)
 z - a wand of paralysis (11)
 G - a wand of digging (6)
 L - a wand of flame (44)
 R - a wand of random effects (26)
 Y - a wand of enslavement (23)
Scrolls
 e - 2 scrolls of immolation
 h - 5 scrolls of magic mapping
 i - a scroll of noise {unknown}
 j - 5 scrolls of amnesia
 k - a scroll of enchant armour
 l - 8 scrolls of teleportation
 n - 2 scrolls of blinking
 q - 6 scrolls of remove curse {@r2}
 t - 2 scrolls of fog
 y - 3 scrolls of fear
 B - a scroll of enchant weapon
 K - 2 scrolls of acquirement {unknown}
 N - a scroll of summoning {unknown}
 U - a scroll of holy word {unknown}
Potions
 d - 2 potions of flight
 g - 5 potions of magic
 o - 3 potions of brilliance
 v - 2 potions of invisibility
 w - a potion of ambrosia {unknown}
 x - 2 potions of haste {unknown}
 D - 2 potions of might
 H - 5 potions of curing {@q1}
 J - a potion of berserk rage {unknown}
 O - 2 potions of heal wounds {unknown}
Books
 Q - a manual of Crossbows
Miscellaneous
 V - a lamp of fire
Comestibles
 c - 13 rations


   Skills:
 + Level 10.7 Fighting
 + Level 12.4 Axes
 + Level 9.3 Armour
 - Level 2.4 Dodging
 - Level 1.6 Stealth
 + Level 8.3 Shields
 * Level 12.4 Invocations


You had 11 spell levels left.
You didn't know any spells.
Your spell library contained the following spells:

 Spells                   Type           Power        Failure   Level  Hunger
 Animate Skeleton         Necr           N/A          77%         1    ##.....
 Apportation              Tloc           #.....       77%         1    ##.....
 Beastly Appendage        Tmut           #.....       77%         1    ##.....
 Confusing Touch          Hex            #.....       77%         1    ##.....
 Summon Small Mammal      Summ           #...         77%         1    ##.....
 Sticks to Snakes         Tmut           #.......     88%         2    ###....
 Spider Form              Tmut/Pois      #.........   98%         3    ####...
 Ice Form                 Ice/Tmut       #.......     100%        4    #####..
 Blade Hands              Tmut           #.........   100%        5    ######.


Dungeon Overview and Level Annotations

Branches:
Dungeon (11/15)            Temple (1/1) D:7            Lair (0/6) D:9
    Orc (2/2) D:10
    Elf: Orc:2

Altars:
Ashenzari
Cheibriados
Dithmenos
Elyvilon
Fedhas
Gozag
Hepliaklqana
Kikubaaqudgha
Makhleb
Nemelex Xobeh
Okawaru
Qazlal
Ru
Sif Muna
Trog
Uskayaw
Vehumet
Wu Jian
Xom
Yredelemnul
Zin
The Shining One
Beogh

Shops:
D:4 [   D:10 }}!(*   D:11 *   Orc:1 }

Annotations:
Orc:2 Rupert


Message History

You closely miss the orc warrior.
The orc warrior is severely wounded.
You hit the orc sorcerer.
Lightning courses through the orc sorcerer!
The orc sorcerer casts a spell at you.
You suddenly lose the ability to move!
The orc warrior hits you with a glaive of protection!!
The orc sorcerer casts a spell at you. The bolt of fire hits you!
The orc warrior hits you with a glaive of protection!!
* * * LOW HITPOINT WARNING * * *
The orc sorcerer hits you with a dagger.
* * * LOW HITPOINT WARNING * * *
The orc sorcerer hits you but does no damage.
The orc warrior hits you with a glaive of protection!
* * * LOW HITPOINT WARNING * * *
The orc sorcerer gestures wildly while chanting.
The orc warrior hits you with a glaive of protection!
You die...
Your body rises from the dead as a mindless zombie.

...............
......o......
.............##
#...o)o...#
...............
...o.[...
..$.........#$#
#.)ooo# ............#
# #.o)o.#
............. #.)Z..#
.....$.......#
####8...8#
.....####..#..[..#..#
.......<@o.4((....#
.....#(.)o##.##.###
... #..###### ## .
#...# ##.## ##


You could see an orc sorcerer, a red devil and an orc warrior.

Vanquished Creatures
  2 orc warlords
  A minotaur (Lab)
  Harold (D:11)
  Nergalle (Orc:1)
  An orc knight (Orc:2)
  A centaur zombie (D:10)
  A centaur skeleton (D:11)
  4 trolls
  A hornet (D:9)
  3 hippogriffs
  A warg (Orc:1)
  19 orc warriors
  A phantom (D:4)
  3 sky beasts
  4 black bears
  2 ice beasts
  8 ogres
  A crocodile (D:8)
  4 centaurs
  A big kobold (D:11)
  3 bullfrogs
  3 scorpions
  3 killer bees (D:10)
  4 wights (D:8)
  An electric eel (D:11)
  6 crimson imps
  3 bullfrog zombies
  2 hounds
  A quasit (D:7)
  11 orc priests
  A jelly (D:5)
  A bullfrog skeleton (D:5)
  11 orc wizards
  Jessica (D:3)
  6 worker ants
  2 iguanas
  A hound skeleton (D:5)
  A worker ant zombie (D:5)
  14 adders
  7 gnolls
  4 river rats
  4 shadow imps
  An ooze (D:5)
  3 worms
  6 leopard geckos
  45 orcs
  9 giant cockroaches
  9 goblins
  6 hobgoblins
  19 jackals
  17 kobolds
  5 quokkas
  3 ball pythons
  7 bats
  9 frilled lizards
  A leopard gecko skeleton (D:6)
  2 quokka skeletons
  5 rats
297 creatures vanquished.

Vanquished Creatures (collateral kills)
  An orc high priest (Orc:1)
  Urug (Orc:1)
  An orc knight (Orc:1)
  A centaur skeleton (D:11)
  A hungry ghost (D:9)
  A warg (Orc:1)
  2 orc warriors (Orc:1)
  2 phantoms
  An ice beast (D:11)
  2 ogres (D:9)
  A scorpion (D:8)
  A howler monkey (D:9)
  A crimson imp (D:9)
  An orc priest (D:8)
  A hound (D:9)
  4 orcs
22 creatures vanquished.

Vanquished Creatures (others)
  2 flying skulls (Orc:2)
  A hippogriff zombie (D:9)
  A warg zombie (Orc:1)
  A troll zombie (Orc:1)
  A centaur zombie (D:8)
  A howler monkey zombie (D:9)
  A scorpion zombie (D:8)
  An adder zombie (D:8)
  10 orc skeletons (Orc:2)
  2 jackal zombies
  A kobold zombie (Bailey)
  21 orc zombies
  3 plants (D:5)
46 creatures vanquished.

Grand Total: 365 creatures vanquished

Notes
Turn   | Place    | Note
-------+----------+-------------------------------------------
     0 | D:1      | aMcNicky the Hill Orc Monk began the quest for the Orb.
     0 | D:1      | Reached XP level 1. HP: 19/19 MP: 1/1
   106 | D:1      | Reached XP level 2. HP: 27/27 MP: 2/2
   391 | D:1      | Reached skill level 1 in Armour
   871 | D:1      | Reached XP level 3. HP: 33/33 MP: 3/3
  1111 | D:2      | Found a radiant altar of Vehumet.
  1348 | D:2      | Reached skill level 5 in Axes
  1348 | D:2      | Reached XP level 4. HP: 12/41 MP: 4/4
  1979 | D:3      | Noticed Jessica
  2104 | D:3      | Killed Jessica
  2104 | D:3      | Reached XP level 5. HP: 31/47 MP: 5/5
  2627 | D:3      | Reached skill level 5 in Fighting
  3049 | D:3      | Reached XP level 6. HP: 50/56 MP: 6/6
  3519 | D:4      | Noticed a hand axe
  3520 | D:4      | Found a hide-covered altar of Uskayaw.
  3520 | D:4      | Noticed a hand axe
  3630 | D:4      | Found Semelliu's Antique Armour Shoppe.
  3728 | D:4      | Noticed a phantom
  4938 | D:4      | Bought a large shield for 135 gold pieces
  4967 | D:4      | Found a white marble altar of Elyvilon.
  5019 | D:4      | Found an ornate altar of the Wu Jian Council.
  5342 | D:4      | Killed a phantom
  5342 | D:4      | Reached skill level 1 in Shields
  5342 | D:4      | Reached XP level 7. HP: 43/63 MP: 7/7
  5592 | D:5      | Entered Level 5 of the Dungeon
  5835 | D:5      | Found a stormy altar of Qazlal.
  5977 | D:5      | Found a shimmering altar of Xom.
  7107 | D:5      | Reached XP level 8. HP: 71/71 MP: 8/8
  7206 | D:5      | Found a snail-covered altar of Cheibriados.
  7697 | D:6      | Reached skill level 5 in Armour
  8258 | D:7      | Found a staircase to the Ecumenical Temple.
  8266 | Temple   | Entered the Ecumenical Temple
  8414 | Temple   | Became a worshipper of Yredelemnul the Dark
  8414 | Temple   | Reached * piety under Yredelemnul
  8414 | Temple   | Reached ** piety under Yredelemnul
  8500 | D:7      | Reached skill level 1 in Invocations
  8525 | D:7      | Found a glowing silver altar of Zin.
  8578 | D:7      | Noticed a hippogriff
  8640 | D:7      | Killed a hippogriff
  8640 | D:7      | Reached XP level 9. HP: 44/79 MP: 9/11
  9662 | D:8      | Found an opulent altar of Gozag.
  9692 | D:8      | Reached skill level 5 in Invocations
  9791 | D:8      | Reached skill level 10 in Axes
 10185 | D:8      | Reached skill level 5 in Shields
 10265 | D:9      | Noticed a troll
 10273 | D:9      | Killed a troll
 10273 | D:9      | Reached XP level 10. HP: 38/90 MP: 13/15
 10380 | D:9      | Got a translucent ring mail
 10391 | D:9      | Identified the +5 ring mail "Volugin" {rPois} (You found it
                  | on level 9 of the Dungeon)
 10790 | D:9      | Found a staircase to the Lair.
 11131 | D:10     | Entered Level 10 of the Dungeon
 11153 | D:10     | Reached *** piety under Yredelemnul
 11378 | D:10     | Found Miunulex's General Store.
 11445 | D:10     | Found a staircase to the Orcish Mines.
 11499 | D:10     | Found Riuneuf's Gadget Shop.
 11537 | D:10     | Found Ihebryoco's Gadget Emporium.
 11721 | D:10     | Found Rewk's Distillery.
 11751 | D:10     | Found Vekhlem's Weapon Shoppe.
 12008 | D:11     | Found a labyrinth entrance.
 12033 | Lab      | Entered a labyrinth
 12224 | Lab      | Noticed a minotaur
 12237 | Lab      | Killed a minotaur
 12237 | Lab      | Reached XP level 11. HP: 34/97 MP: 16/18
 12510 | D:11     | Found an ancient bone altar of Kikubaaqudgha.
 12605 | D:11     | Reached skill level 10 in Invocations
 12711 | D:11     | Found Virin's General Store.
 12779 | D:10     | Bought the +0 pair of gloves of the Ninety-Nine Orbs {Str+7
                  | Slay+2 SInv} for 504 gold pieces
 12836 | D:11     | Noticed Harold
 12845 | D:11     | Killed Harold
 12998 | Orc:1    | Entered Level 1 of the Orcish Mines
 13224 | Orc:1    | Found a flagged portal.
 13244 | Bailey   | Entered a bailey
 13252 | Bailey   | Noticed an orc warlord
 13270 | Bailey   | Reached skill level 10 in Fighting
 13270 | Bailey   | Reached **** piety under Yredelemnul
 13352 | Bailey   | Found a runed gate.
 13354 | Bailey   | Found a runed gate.
 13362 | Bailey   | Found a runed gate.
 13499 | Bailey   | Killed an orc warlord
 13595 | Orc:1    | Found Emnal's Gadget Boutique.
 13878 | Orc:2    | Entered Level 2 of the Orcish Mines
 13878 | Orc:2    | Noticed Rupert
 13879 | Orc:2    | Paralysed by Rupert for 2 turns
 13911 | Orc:2    | Noticed an orc high priest
 13915 | Orc:2    | Received a gift from Yredelemnul (2 flying skulls)
 13916 | Orc:2    | Noticed an orc knight
 13918 | Orc:2    | Noticed a sixfirhy
 13920 | Orc:2    | Noticed Nergalle
 13923 | Orc:2    | Noticed an orc warlord
 13924 | Orc:2    | Killed an orc knight
 14055 | Orc:1    | Noticed a soul eater
 14056 | Orc:1    | Killed an orc high priest
 14179 | Orc:1    | Killed an orc warlord
 14179 | Orc:1    | Reached XP level 12. HP: 58/107 MP: 14/21
 14277 | Orc:1    | Killed Nergalle
 14298 | Orc:2    | Found a roughly hewn altar of Beogh.
 14298 | Orc:2    | Noticed Urug
 14491 | Orc:1    | Killed Urug
 14511 | Orc:2    | Paralysed by an orc sorcerer for 5 turns
 14514 | Orc:2    | HP: 1/108 [orc warrior/glaive of protection (17)]
 14515 | Orc:2    | Mangled by an orc warrior

Skill      XL: |  1  2  3  4  5  6  7  8  9 10 11 |
---------------+----------------------------------+-----
Fighting       | 4 5 6 7 8 9 10 | 10.7
Armour         | 1 2 3 4 5 6 7 9 |  9.3
Axes           | 5 6 8 9 10 11 12 | 12.4
Shields        | 1 2 4 5 6 8 |  8.3
Invocations    | 3 6 9 12 | 12.4
Dodging        | |  2.4
Stealth        | |  1.6

Action                   |  1- 3 |  4- 6 |  7- 9 | 10-12 || total
-------------------------+-------+-------+-------+-------++-------
Melee: Hand axe          |   118 |   273 |   281 |       ||   672
       Short sword       |       |    52 |    15 |       ||    67
       War axe           |       |       |   242 |   352 ||   594
Invok: Injury Mirror     |       |       |     2 |     3 ||     5
       Animate Remains   |       |       |    10 |     6 ||    16
       Animate Dead      |       |       |       |    21 ||    21
       Recall Undead Sla |       |       |       |     2 ||     2
       Drain Life        |       |       |       |     5 ||     5
Evoke: Wand              |       |       |       |     2 ||     2
  Use: Scroll            |       |     7 |     3 |    11 ||    21
       Potion            |       |     1 |     1 |     3 ||     5
 Stab: Invisible         |       |     2 |       |       ||     2
       Distracted        |       |       |       |     4 ||     4
       Sleeping          |       |       |       |     2 ||     2
  Eat: Chunk             |     1 |     9 |     8 |    15 ||    33
       Ration            |       |     1 |     4 |     3 ||     8
Armor: Scale mail        |    65 |   132 |   188 |     1 ||   386
       Ring mail         |       |       |       |    69 ||    69
Dodge: Dodged            |    87 |   158 |   173 |   140 ||   558
Block: Large shield      |       |    14 |   354 |   101 ||   469
       Shield            |       |       |       |   139 ||   139
